BSA
CONTINENTAL LEAGUE ALL-STARS @ NATIONAL LEAGUE ALL-STARS
07/11/2028
 
TOP OF THE 1ST
Continental League All-Stars batting - Pitching for National League All-Stars : LHP Masutaro Koyama
Pitching: LHP Masutaro Koyama
Batting: LHB Dante Owens 0-0: Foul Ball, location: 2F
0-1: Foul Ball, location: 2F
0-2: Ball
1-2: Ball
2-2: Fly out, F7 (Flyball, 78S)
Batting: LHB Paco Rosas 0-0: Swinging Strike
0-1: Swinging Strike
0-2: Strikes out swinging
Batting: LHB Dave Dodd 0-0: Swinging Strike
0-1: Foul Ball, location: 2F
0-2: Ball
1-2: Foul Ball, location: 2F
1-2: Fly out, F7 (Flyball, 78D)
Top of the 1st over - 0 run(s), 0 hit(s), 0 error(s), 0 left on base; Continental League 0 - National League 0
BOTTOM OF THE 1ST
National League All-Stars batting - Pitching for Continental League All-Stars : LHP Albert Lebel
Pitching: LHP Albert Lebel
Batting: LHB Don Ramey 0-0: Ball
1-0: Ball
2-0: Called Strike
2-1: Fly out, F7 (Flyball, 78D)
Batting: RHB Earl Wiggins 0-0: Called Strike
0-1: Ball
1-1: Called Strike
1-2: Ball
2-2: Ground out 5-3 (Groundball, 5S)
Batting: LHB Chris Bates 0-0: Ball
1-0: Ball
2-0: Called Strike
2-1: SINGLE (Groundball, 34D)
Batting: RHB Rich Anderson 0-0: Ball
1-0: Ball
2-0: Called Strike
2-1: Foul Ball, location: 2F
2-2: Ground out 1-3 (Groundball, 13)
Bottom of the 1st over - 0 run(s), 1 hit(s), 0 error(s), 1 left on base; Continental League 0 - National League 0
TOP OF THE 2ND
Continental League All-Stars batting - Pitching for National League All-Stars : LHP Masutaro Koyama
Batting: LHB Jeff Daniels 0-0: Ball
1-0: Called Strike
1-1: Ball
2-1: Swinging Strike
2-2: Strikes out swinging
Batting: LHB Elliott Newell 0-0: Ball
1-0: Ball
2-0: Called Strike
2-1: Ball
3-1: Called Strike
3-2: Fly out, F7 (Flyball, 7)
Batting: LHB Brock Larsen 0-0: Called Strike
0-1: Ball
1-1: Swinging Strike
1-2: Ball
2-2: Foul Ball, location: 7LMF
2-2: Ball
3-2: Foul Ball, location: 2F
3-2: Foul Ball, location: 2F
3-2: Foul Ball, location: 2F
3-2: Strikes out looking
Top of the 2nd over - 0 run(s), 0 hit(s), 0 error(s), 0 left on base; Continental League 0 - National League 0
BOTTOM OF THE 2ND
National League All-Stars batting - Pitching for Continental League All-Stars : LHP Albert Lebel
Batting: LHB Jesús Campos 0-0: Ball
1-0: Foul Ball, location: 2F
1-1: Called Strike
1-2: Strikes out swinging
Batting: RHB José Salazar 0-0: Called Strike
0-1: Foul Ball, location: 2F
0-2: Ball
1-2: Ball
2-2: Ground out 5-3 (Groundball, 5)
Batting: LHB Roberto García 0-0: Called Strike
0-1: Ball
1-1: Ball
2-1: TRIPLE (Flyball, 8RXD)
Batting: RHB Stephen Shaw 0-0: Ball
1-0: Called Strike
1-1: Called Strike
1-2: Foul Ball, location: 2F
1-2: Strikes out looking
Bottom of the 2nd over - 0 run(s), 1 hit(s), 0 error(s), 1 left on base; Continental League 0 - National League 0
TOP OF THE 3RD
Continental League All-Stars batting - Pitching for National League All-Stars : LHP Masutaro Koyama
Pitching: LHP Mark Collins
Batting: RHB Enzo Díaz 0-0: Ball
1-0: Foul Ball, location: 2F
1-1: TRIPLE (Flyball, 9LD)
Batting: LHB Roberto Sandoval 0-0: Ball
1-0: Fly out, F8 (Flyball, 8LM)
Runner from 3rd tags up, SCORES, throw made
Batting: RHB Doug Stephens 0-0: Swinging Strike
0-1: Foul Ball, location: 2F
0-2: Ball
1-2: Strikes out swinging
Batting: LHB Dante Owens 0-0: Foul Ball, location: 2F
0-1: Ball
1-1: Ball
2-1: Foul Ball, location: 2F
2-2: Ball
3-2: Foul Ball, location: 2F
3-2: Foul Ball, location: 2F
3-2: Fly out, F7 (Flyball, 7S)
Top of the 3rd over - 1 run(s), 1 hit(s), 0 error(s), 0 left on base; Continental League 1 - National League 0
BOTTOM OF THE 3RD
National League All-Stars batting - Pitching for Continental League All-Stars : LHP Albert Lebel
Pitching: RHP Dionisio Penni
Batting: RHB Dave Craig 0-0: Swinging Strike
0-1: Ground out 6-3 (Groundball, 6S)
Batting: LHB Don Ramey 0-0: Foul Ball, location: 5SF
0-1: Swinging Strike
0-2: Ball
1-2: Strikes out swinging
Batting: RHB Earl Wiggins 0-0: Called Strike
0-1: Ball
1-1: SINGLE (Flyball, 8RS)
Batting: LHB Chris Bates 0-0: Foul Ball, location: 2F
0-1: Ball
1-1: SINGLE (Line Drive, 7S)
Earl Wiggins to second
Batting: RHB Rich Anderson 0-0: SINGLE (Line Drive, 8LS)
Earl Wiggins to third
Chris Bates to second
Runner from 3rd tries for Home, SAFE, no throw
Batting: LHB Jesús Campos 0-0: Ball
1-0: Ball
2-0: Foul Ball, location: 2F
2-1: Ball
3-1: Base on Balls
Chris Bates to third
Rich Anderson to second
Batting: RHB José Salazar 0-0: Called Strike
0-1: Ball
1-1: Swinging Strike
1-2: Ball
2-2: Foul Ball, location: 2F
2-2: Ball
3-2: Base on Balls
Chris Bates scores
Rich Anderson to third
Jesús Campos to second
Pitching: RHP Nelson Ortega
Batting: LHB Roberto García 0-0: Ball
1-0: GRAND SLAM HOME RUN (Flyball, 89XD), Distance : 404 ft
Batting: RHB Stephen Shaw 0-0: Foul Ball, location: 2F
0-1: Ball
1-1: Called Strike
1-2: Foul Ball, location: 2F
1-2: Foul Ball, location: 2F
1-2: Ball
2-2: Fly out, F8 (Flyball, 8LS)
Bottom of the 3rd over - 6 run(s), 4 hit(s), 0 error(s), 0 left on base; Continental League 1 - National League 6
TOP OF THE 4TH
Continental League All-Stars batting - Pitching for National League All-Stars : LHP Mark Collins
Pitching: RHP Robert Reeves
Batting: LHB Paco Rosas 0-0: Called Strike
0-1: Foul Ball, location: 7LDF
0-2: Strikes out swinging
Batting: LHB Dave Dodd 0-0: Ball
1-0: Called Strike
1-1: Fly out, F7 (Flyball, 78S)
Batting: LHB Jeff Daniels 0-0: Fly out, F9 (Flyball, 89D)
Top of the 4th over - 0 run(s), 0 hit(s), 0 error(s), 0 left on base; Continental League 1 - National League 6
BOTTOM OF THE 4TH
National League All-Stars batting - Pitching for Continental League All-Stars : RHP Nelson Ortega
Batting: RHB Dave Craig 0-0: Called Strike
0-1: Foul Ball, location: 2F
0-2: Hit by Pitch
Batting: LHB Don Ramey 0-0: SINGLE (Flyball, 8LS)
Dave Craig to second
Batting: RHB Earl Wiggins 0-0: Called Strike
0-1: Ball
1-1: Fly out, F8 (Line Drive, 8LM)
Pitching: LHP José López
Batting: LHB Chris Bates 0-0: Ball
1-0: Ball
2-0: Ball
3-0: Called Strike
3-1: Called Strike
3-2: Fly out, F9 (Flyball, 9)
Batting: RHB Rich Anderson 0-0: SINGLE (Line Drive, 78S)
Dave Craig to third
Don Ramey to second
Batting: LHB Jesús Campos 0-0: Ball
1-0: Foul Ball, location: 2F
1-1: Ball
2-1: Swinging Strike
2-2: Ball
3-2: Fly out, F7 (Flyball, 78M)
Bottom of the 4th over - 0 run(s), 2 hit(s), 0 error(s), 3 left on base; Continental League 1 - National League 6
TOP OF THE 5TH
Continental League All-Stars batting - Pitching for National League All-Stars : RHP Robert Reeves
Batting: LHB Elliott Newell 0-0: Called Strike
0-1: Ball
1-1: Hit by Pitch
Pitching: RHP José Martínez
Batting: LHB Brock Larsen 0-0: Ball
1-0: Ball
2-0: Ball
3-0: Called Strike
3-1: Fly out, F8 (Flyball, 8RD)
Batting: RHB Enzo Díaz 0-0: Ball
1-0: Ball
2-0: Called Strike
2-1: SINGLE (Line Drive, 6MD)
Elliott Newell to second
Batting: LHB Roberto Sandoval 0-0: Swinging Strike
0-1: 3-RUN HOME RUN (Flyball, 9D), Distance : 362 ft
Batting: RHB Doug Stephens 0-0: Foul Ball, location: 3F
0-1: Called Strike
0-2: Ball
1-2: SINGLE (Line Drive, 56D)
Batting: LHB Dante Owens 0-0: Ball
1-0: Ball
2-0: Fly out, F4 (Popup, 34)
Batting: LHB Paco Rosas 0-0: Foul Ball, location: 2F
0-1: Ball
1-1: Foul Ball, location: 2F
1-2: Ground out 4-3 (Groundball, 4MS)
Top of the 5th over - 3 run(s), 3 hit(s), 0 error(s), 1 left on base; Continental League 4 - National League 6
BOTTOM OF THE 5TH
National League All-Stars batting - Pitching for Continental League All-Stars : LHP José López
Pitching: RHP Andrés Vázquez
Batting: RHB José Salazar 0-0: Ball
1-0: Ball
2-0: Called Strike
2-1: Called Strike
2-2: Ball
3-2: Ground out 5-3 (Groundball, 56S)
Batting: LHB Roberto García 0-0: Ball
1-0: Ball
2-0: Ball
3-0: Called Strike
3-1: Base on Balls
Batting: RHB Stephen Shaw 0-0: Called Strike
0-1: Foul Ball, location: 7LDF
0-2: Ball
1-2: Ball
2-2: Strikes out swinging
Batting: RHB Dave Craig 0-0: Foul Ball, location: 2F
0-1: Swinging Strike
0-2: Ball
1-2: Ball
2-2: Foul Ball, location: 2F
2-2: Fly out, F4 (Popup, 4)
Bottom of the 5th over - 0 run(s), 0 hit(s), 0 error(s), 1 left on base; Continental League 4 - National League 6
TOP OF THE 6TH
Continental League All-Stars batting - Pitching for National League All-Stars : RHP José Martínez
Pitching: RHP Jung Chwa
Batting: LHB Dave Dodd 0-0: Ball
1-0: Ball
2-0: Ball
3-0: Called Strike
3-1: Foul Ball, location: 2F
3-2: Base on Balls
Batting: LHB Jeff Daniels 0-0: Foul Ball, location: 2F
0-1: Ball
1-1: Ball
2-1: SINGLE (Line Drive, 34D)
Dave Dodd to second
Batting: LHB Elliott Newell 0-0: Foul Ball, location: 2F
0-1: Ball
1-1: Foul Ball, location: 2F
1-2: Ball
2-2: Fly out, F8 (Flyball, 8RXD)
Runner from 2nd tags up, SAFE at 3rd, no throw
Batting: LHB Brock Larsen 0-0: Called Strike
0-1: Ball
1-1: Foul Ball, location: 2F
1-2: Ball
2-2: Strikes out swinging
Batting: RHB Enzo Díaz 0-0: SINGLE (Flyball, 4MD)
Dave Dodd scores
Jeff Daniels to second
Runner from 2nd tries for 3rd, OUT!
Top of the 6th over - 1 run(s), 2 hit(s), 0 error(s), 1 left on base; Continental League 5 - National League 6
BOTTOM OF THE 6TH
National League All-Stars batting - Pitching for Continental League All-Stars : RHP Andrés Vázquez
Pitching: RHP Kevin Bush
Pinch Hitting: LHB Clyde Yarbrough 0-0: Fly out, F4 (Popup, 4D)
Pinch Hitting: SHB Julián Madrid 0-0: Ball
1-0: Foul Ball, location: 3F
1-1: Foul Ball, location: 2F
1-2: Ball
2-2: Foul Ball, location: 2F
2-2: Ball
3-2: SINGLE (Groundball, 5D)
Batting: LHB Chris Bates 0-0: Foul Ball, location: 9LDF
0-1: Called Strike
0-2: Ball
1-2: TRIPLE (Flyball, 9D)
Julián Madrid scores
Batting: RHB Rich Anderson 0-0: Foul Ball, location: 9LSF
0-1: Ball
1-1: Ground out 1-3 (Groundball, P)
Pinch Hitting: LHB Ashley Pickhills 0-0: Ball
1-0: Ball
2-0: Swinging Strike
2-1: Ball
3-1: Base on Balls
Batting: RHB José Salazar 0-0: Called Strike
0-1: Ball
1-1: SINGLE (Groundball, 6MD)
Chris Bates scores
Ashley Pickhills to second
Runner from 2nd tries for 3rd, SAFE, throw made to third
Batting: LHB Roberto García 0-0: SINGLE (Groundball, 6D)
Ashley Pickhills scores
José Salazar to second
Pitching: RHP Alberto Bonilla
Batting: RHB Stephen Shaw 0-0: Called Strike
0-1: Ball
1-1: Ball
2-1: Ball
3-1: Called Strike
3-2: Strikes out looking
Bottom of the 6th over - 3 run(s), 4 hit(s), 0 error(s), 2 left on base; Continental League 5 - National League 9
TOP OF THE 7TH
Continental League All-Stars batting - Pitching for National League All-Stars : RHP Jung Chwa
Pitching: RHP Étienne Garcia
Now at C: Julián Madrid
Now in CF: Clyde Yarbrough
Now in RF: Ashley Pickhills
Pinch Hitting: RHB Sergio Márquez 0-0: Ball
1-0: Ball
2-0: Called Strike
2-1: Fly out, F7 (Flyball, 7D)
Pinch Hitting: RHB Wallace Greene 0-0: Ball
1-0: Foul Ball, location: 2F
1-1: Ground out 6-3 (Groundball, 6)
Pinch Hitting: LHB Felipe Guerrero 0-0: Ball
1-0: Fly out, F9 (Line Drive, 9)
Top of the 7th over - 0 run(s), 0 hit(s), 0 error(s), 0 left on base; Continental League 5 - National League 9
BOTTOM OF THE 7TH
National League All-Stars batting - Pitching for Continental League All-Stars : RHP Alberto Bonilla
Pitching: RHP Bob Moss
Now at C: Wallace Greene
Now at 3B: Sergio Márquez
Now in RF: Felipe Guerrero
Batting: RHB Dave Craig 0-0: Called Strike
0-1: Foul Ball, location: 9LMF
0-2: SINGLE (Line Drive, 34)
Batting: LHB Clyde Yarbrough 0-0: Bunted foul
0-1: Sac Bunt - play at first, batter OUT! 3-4
Dave Craig to second
Pitching: LHP Cristián Escobar
Batting: SHB Julián Madrid 0-0: Ball
1-0: Foul Ball, location: 2F
1-1: Foul Ball, location: 2F
1-2: Ground out 5-3 (Groundball, 56S)
Dave Craig to third
Pinch Hitting: LHB Miguel Rivería 0-0: Called Strike
0-1: Swinging Strike
0-2: Ball
1-2: Strikes out swinging
Bottom of the 7th over - 0 run(s), 1 hit(s), 0 error(s), 1 left on base; Continental League 5 - National League 9
TOP OF THE 8TH
Continental League All-Stars batting - Pitching for National League All-Stars : RHP Étienne Garcia
Pitching: LHP Santiago González
Now in LF: Miguel Rivería
Batting: LHB Paco Rosas 0-0: Ball
1-0: Called Strike
1-1: Ball
2-1: Foul Ball, location: 2F
2-2: Ground out 5-3 (Groundball, 5S)
Pinch Hitting: RHB Calvin Bennett 0-0: Foul Ball, location: 2F
0-1: Ball
1-1: Ground out 5-3 (Groundball, 5S)
Pitching: RHP Robinson Gonzáles
Batting: RHB Manny Copriviza 0-0: Called Strike
0-1: Called Strike
0-2: Foul Ball, location: 2F
0-2: Ball
1-2: DOUBLE (Line Drive, 7LM)
Pinch Hitting: LHB Jimmy Vickers 0-0: Ball
1-0: Ball
2-0: Ball
3-0: Base on Balls
Pinch Hitting: RHB Millard Boyd 0-0: Swinging Strike
0-1: Ball
1-1: Ball
2-1: Foul Ball, location: 2F
2-2: Foul Ball, location: 2F
2-2: Strikes out swinging
Top of the 8th over - 0 run(s), 1 hit(s), 0 error(s), 2 left on base; Continental League 5 - National League 9
BOTTOM OF THE 8TH
National League All-Stars batting - Pitching for Continental League All-Stars : LHP Cristián Escobar
Pitching: RHP António López
Now at 1B: Jimmy Vickers
Now at SS: Millard Boyd
Now in CF: Calvin Bennett
Batting: LHB Víctor Quiñones 0-0: Foul Ball, location: 2F
0-1: SOLO HOME RUN (Flyball, 9D), Distance : 346 ft
Pinch Hitting: RHB Buck Jones 0-0: Fly out, F9 (Flyball, 9S)
Pitching: RHP José Valdéz
Pinch Hitting: RHB Jesús Espinoza 0-0: Called Strike
0-1: Foul Ball, location: 2F
0-2: Strikes out looking
Pitching: RHP Randy Mailman
Pinch Hitting: SHB Juan Castro 0-0: Foul Ball, location: 7LDF
0-1: Foul Ball, location: 2F
0-2: Ball
1-2: Foul Ball, location: 2F
1-2: Ground out 3-1 (Groundball, 34)
Bottom of the 8th over - 1 run(s), 1 hit(s), 0 error(s), 0 left on base; Continental League 5 - National League 10
TOP OF THE 9TH
Continental League All-Stars batting - Pitching for National League All-Stars : RHP Robinson Gonzáles
Pitching: LHP Brent Miller
Now at 1B: Juan Castro
Now at 3B: Jesús Espinoza
Now in RF: Buck Jones
Pinch Hitting: RHB Ricardo González 0-0: Foul Ball, location: 23F
0-1: Ground out 6-3 (Groundball, 6)
Pitching: RHP Mike Fisher
Pinch Hitting: RHB Max Rash 0-0: Ball
1-0: Foul Ball, location: 2RF
1-1: Ball
2-1: Ball
3-1: Foul Ball, location: 5DF
3-2: Foul Ball, location: 2F
3-2: Ground out 6-3 (Groundball, 6)
Pitching: RHP Guan-cai Yong
Pinch Hitting: RHB Vicente Aguirre 0-0: Called Strike
0-1: Ball
1-1: Foul Ball, location: 9LSF
1-2: Strikes out swinging
Top of the 9th over - 0 run(s), 0 hit(s), 0 error(s), 0 left on base; Continental League 5 - National League 10
Tuesday, August 8th, 2017 - OOTP Baseball 17.12 Build 75